 Dungeon Crawl Stone Soup version 0.30.1-4-g462c640d31 (webtiles) character file.

Game seed: 8655582340495238201

125 arthad the Chopper (level 5, -1/42 HPs)
             Began as a Vine Stalker Berserker on Aug 24, 2023.
             Was a Believer of Trog.
             Slain by an orc wizard
             ... wielding a +0 dagger
              (2 damage)
             ... on level 4 of the Dungeon.
             The game lasted 00:02:30 (2381 turns).

arthad the Chopper (Vine Stalker Berserker)         Turns: 2381, Time: 00:02:30

Health: -1/42      AC:  2    Str: 21    XL:     5   Next: 9%
Magic:  0/6        EV: 12    Int:  7    God:    Trog [**....]
Gold:   153        SH:  0    Dex: 14    Spells: 4/4 levels left

rFire   . . .        i - +1 hand axe (heavy)
rCold   + . .        (no shield)
rNeg    . . .        b - +0 animal skin
rPois   .            (no helmet)
rElec   .            (no cloak)
rCorr   .            (no gloves)
SInv    +            (no boots)
Will    ++...        (no amulet) Stlth
                     l - ring of protection from cold
HPRegen 2.07/turn    m - ring of see invisible
MPRegen 0.10/turn

%: guardian spirit
@: berserking, strong-willed (expiring), regenerating (expiring), very quick
A: fangs 2, regeneration 1, magic shield, antimagic bite, no potion heal 2
a: Renounce Religion, Berserk, Trog's Hand


You were on level 4 of the Dungeon.
You worshipped Trog.
Trog was pleased with you.
You visited 1 branch of the dungeon, and saw 4 of its levels.

You collected 153 gold pieces.

Inventory:

Hand Weapons
 a - a +0 hand axe
 h - a +3 flail
 i - a +1 heavy hand axe (weapon)
 k - a +0 war axe
Armour
 b - a +0 animal skin (worn)
Jewellery
 l - a ring of protection from cold (left hand)
 m - a ring of see invisible (right hand)
Scrolls
 c - a scroll of teleportation {unknown}
 d - 5 scrolls of identify {unknown}
 e - 2 scrolls of fear {unknown}
 f - a scroll of amnesia {unknown}
 r - a scroll of acquirement {unknown}
 s - a scroll of poison {unknown}
Potions
 g - a potion of invisibility {unknown}
 j - 3 potions of might {unknown}
 n - a potion of mutation {unknown}
 o - a potion of attraction {unknown}
 p - a potion of lignification {unknown}
 q - a potion of cancellation {unknown}
 t - a potion of degeneration {unknown}


   Skills:
 * Level 3.6 Fighting
 * Level 3.6 Axes
 + Level 2.2 Armour
 + Level 2.2 Dodging


You had 4 spell levels left.
You didn't know any spells.
Your spell library was empty.

Dungeon Overview and Level Annotations

Branches:
Dungeon (4/15)
 Temple: D:4-7

Altars:


Innate Abilities, Weirdness & Mutations

You have extremely sharp teeth.
Your natural rate of healing is unusually fast.
When hurt, damage is shared between your health and your magic reserves.
Your bite disrupts and absorbs the magic of your enemies.
Potions cannot restore your health.


Message History

The kobold hits you with a +0 club. The orc wizard closely misses you.
The orc wizard hits you with a +0 dagger.
The orc barely misses you.
Your skin crawls.
You feel strong-willed. The endoplasm barely misses you.
The kobold hits you with a +0 club.
The orc wizard hits you with a +0 dagger.
* * * LOW HITPOINT WARNING * * *
The orc barely misses you.
An endoplasm comes into view.
The orc wizard hits you but does no damage.
A red film seems to cover your vision as you go berserk!
You feel yourself moving faster!
You feel mighty!
The endoplasm quivers.
The kobold completely misses you. The endoplasm closely misses you.
The orc wizard hits you with a +0 dagger.
* * * LOW HITPOINT WARNING * * *
The orc wizard points at you and mumbles some strange words.
The magic dart hits you!
* * * LOW HITPOINT WARNING * * *
The orc misses you.
You are too berserk!
You closely miss the orc wizard.
The orc wizard is severely wounded.
You slash the orc!
You kill the orc!
Trog accepts your kill.
You hit the orc wizard. You slash the orc!
You kill the orc!
Trog accepts your kill.
You slash the endoplasm!
You kill the endoplasm!
Trog accepts your kill.
You closely miss the kobold.
You feel the effects of Trog's Hand fading.
The kobold closely misses you.
The orc wizard hits you with a +0 dagger.
* * * LOW HITPOINT WARNING * * *
The orc wizard hits you with a +0 dagger.
You die...

#### #...##
####...#.....##
...............
...............
#..........J..
#.............
#...o)......
#.###..K@o......
#.......)).....#
####...########
#.<.# #...#
#.$.# .....
.......
.........


You could see 2 orc wizards, an endoplasm and a kobold.

Vanquished Creatures
  Jessica (D:3)
  An orc wizard (D:2)
  2 worms
  A dart slug (D:1)
  6 orcs
  3 bats (D:3)
  6 endoplasms
  A giant cockroach (D:3)
  3 goblins
  8 hobgoblins
  5 quokkas
  4 ball pythons (D:1)
  4 frilled lizards
  3 kobolds (D:1)
  20 rats
68 creatures vanquished.

Notes
Turn   | Place    | Note
-------+----------+-------------------------------------------
     0 | D:1      | arthad the Vine Stalker Berserker began the quest for the
                  | Orb.
     0 | D:1      | Reached XP level 1. HP: 11/11 MP: 2/2
   273 | D:1      | Reached XP level 2. HP: 16/16 MP: 3/3
   929 | D:1      | Reached XP level 3. HP: 7/20 MP: 1/4
  1122 | D:2      | Reached ** piety under Trog
  1326 | D:2      | Gained mutation: Your natural rate of healing is unusually
                  | fast. [Vine Stalker growth]
  1326 | D:2      | Reached XP level 4. HP: 19/24 MP: 2/5
  1462 | D:2      | Found a faded altar of an unknown god.
  1962 | D:3      | Noticed Jessica
  1966 | D:3      | Killed Jessica
  1967 | D:3      | Reached XP level 5. HP: 27/28 MP: 6/6
  2380 | D:4      | HP: 2/42 [orc wizard/magic dart (8)]
  2381 | D:4      | Slain by an orc wizard

Illustrated notes

Levels and vault maps discovered:
D:1:      dpeg_arrival_pond, layout_basic, kennysheep_nondescript
D:2:      minmay_door_path, layout_basic, shapermc_ecumenical_altar_mp_vishouse,
          minmay_rat_hole
D:3:      layout_basic, uniq_jessica
D:4:      layout_loops_cross, gup_ossuary_entry_pyramid, patterned_corridor

Skill      XL: |  1  2  3 |
---------------+----------+-----
Fighting       | 3 |  3.6
Axes           | 3 |  3.6
Dodging        | 2 |  2.2
Armour         | 2 |  2.2

Action                     |  1- 3 |  4- 6 || total
---------------------------+-------+-------++-------
  Melee: Hand axe          |    74 |    57 ||   131
         Bite              |    14 |     7 ||    21
         Punch             |     1 |     1 ||     2
 Invoke: Berserk           |     1 |     1 ||     2
         Trog's Hand       |       |     1 ||     1
   Stab: Sleeping          |       |     3 ||     3
 Armour: Animal skin       |     7 |    18 ||    25
  Dodge: Dodged            |    36 |    54 ||    90
